[Event "4th Capablanca Memorial GM 2018"]
[Site "Heraklion"]
[Date "2018.04.10"]
[Round "2"]
[White "Georgakopoulos, Nikolaos"]
[Black "Pogosyan, Stefan"]
[Result "0-1"]
[ECO "D70"]
[WhiteElo "2346"]
[BlackElo "2314"]
[Annotator "NA"]
[PlyCount "70"]
[EventDate "2018.??.??"]
[EventType "tourn"]
[EventCountry "GRE"]
[SourceTitle "playchess.com"]
[Source "ChessBase"]
[SourceQuality "1"]
[TimeControl "40/5400+30:1800+30"]

1. Nf3 Nf6 2. c4 c6 3. d4 d5 4. Nbd2 Bf5 5. Nh4 Be4 6. f3 Bg6 7. Qb3 Qc7 8. e3 e6 9. cxd5 exd5 10. g4 Bd6 11. g5 Nfd7 12. Nxg6 hxg6 13. f4 c5 14. Qxd5 cxd4 15. Qxd4 O-O 16. Ne4 Be7 17. Bd2 Nc6 18. Qc4 Nb6 19. Qb3 a5 20. Bg2 a4 21. Qc2 Nd5 22. a3 Qb6 23. Qc1 Na5 24. Bxa5 Rxa5 25. Ke2 Rb5 26. Rb1 Bxa3 27. Nf6+ gxf6 28. Bxd5 Bxb2 29. Rxb2 Rxb2+ 30. Kf3 fxg5 31. Rg1 Qb5 32. Rxg5 Qe2+ 33. Kg3 Qxh2+ 34. Kf3 Kh7 35. f5 Rf2+ 0-1

[Event "4th Capablanca Memorial GM 2018"]
[Site "Heraklion"]
[Date "2018.04.11"]
[Round "3"]
[White "Pogosyan, Stefan"]
[Black "Koutoukidis, Panagiotis"]
[Result "1/2-1/2"]
[ECO "E36"]
[WhiteElo "2314"]
[BlackElo "2332"]
[Annotator "NA"]
[PlyCount "91"]
[EventDate "2018.??.??"]
[EventType "tourn"]
[EventCountry "GRE"]
[SourceTitle "playchess.com"]
[Source "ChessBase"]
[SourceQuality "1"]
[TimeControl "40/5400+30:1800+30"]

1. d4 Nf6 2. c4 e6 3. Nc3 Bb4 4. Qc2 O-O 5. a3 Bxc3+ 6. Qxc3 d5 7. Bg5 dxc4 {[%emt 0:00:11] E36: Nimzo-Indian: Classical: 4...d5 5 a3} (7... h6 8. Bxf6 Qxf6 9. Nf3 c6 10. g3 Nd7 11. Bh3 b6 12. cxd5 cxd5 13. Qc6 Rb8 14. O-O Rd8 15. Rfc1 {½-½ (24) Mamedyarov,S (2809)-Aronian,L (2794) Berlin 2018}) 8. Qxc4 b6 9. Nf3 Ba6 10. Qa4 Qd7 11. Qc2 c5 12. dxc5 {[%emt 0:11:53] LiveBook: 17 Games} Rc8 13. Rd1 Qe7 14. Qd2 Qxc5 15. Bxf6 $146 ({Predecessor:} 15. b4 Qf5 16. Nd4 Qg6 17. Bxf6 Qxf6 {½-½ (31) Csiki,E (2200)-Paszewski,M (2327) Zalakaros 2017}) 15... gxf6 16. e3 Bxf1 17. Kxf1 Nc6 18. Rc1 Qb5+ 19. Qe2 Qf5 20. g4 Qg6 21. Qc2 Qxc2 22. Rxc2 Ne5 23. Rxc8+ Rxc8 24. Nxe5 fxe5 25. Kg2 Rc2 26. Rb1 $1 Kf8 27. e4 Ke7 28. h4 Kd6 29. Rd1+ Ke7 30. Rb1 a5 31. Kf3 Kd6 32. Ke3 Kc5 33. b4+ axb4 34. axb4+ Kc4 35. Rd1 Rc3+ 36. Ke2 Rh3 $11 37. h5 f5 38. f3 fxg4 39. fxg4 Rg3 40. Rd6 Rxg4 41. Rxb6 Rxe4+ 42. Kf3 Rf4+ 43. Ke3 Rh4 44. Rxe6 Rxh5 45. Ke4 Kxb4 46. Rxe5 1/2-1/2

[Event "4th Capablanca Memorial GM 2018"]
[Site "Heraklion"]
[Date "2018.04.12"]
[Round "4"]
[White "Koutoukidis, Panagiotis"]
[Black "Townsend, M Paul"]
[Result "1-0"]
[ECO "C01"]
[WhiteElo "2332"]
[BlackElo "2211"]
[Annotator "NA"]
[PlyCount "81"]
[EventDate "2018.??.??"]
[EventType "tourn"]
[EventCountry "GRE"]
[SourceTitle "playchess.com"]
[Source "ChessBase"]
[SourceQuality "1"]
[TimeControl "40/5400+30:1800+30"]

1. e4 e6 2. d4 d5 3. Nc3 Bb4 4. exd5 exd5 5. Bd3 Nf6 6. Nge2 Nc6 7. O-O O-O 8. Bg5 Be7 {[%emt 0:02:08] LiveBook: 5 Games} 9. Qd2 Re8 10. a3 Na5 11. b3 $11 b6 12. Rfe1 c6 13. Ng3 Nb7 14. Rxe7 Qxe7 15. Nh5 Nxh5 16. Bxe7 Rxe7 17. Re1 Be6 18. Qg5 Nf6 19. Qf4 Rae8 20. f3 Nh5 21. Qe5 g6 22. Qg5 Nd6 23. g4 f6 24. Qd2 Ng7 25. Qf4 Nc8 26. Ba6 Kf7 27. Kf2 Rd7 28. h4 Nd6 29. Bd3 f5 30. h5 Ree7 31. hxg6+ hxg6 32. Rh1 Nde8 33. Rh6 Rd6 34. Ne2 Bd7 35. Ng3 Rf6 36. Qg5 Ne6 37. Qh4 fxg4 38. Bxg6+ Rxg6 39. Rxg6 N6g7 40. Nh5 g3+ 41. Nxg3 1-0

[Event "4th Capablanca Memorial GM 2018"]
[Site "Heraklion"]
[Date "2018.04.14"]
[Round "6"]
[White "Georgakopoulos, Nikolaos"]
[Black "Petrova, Kristyna"]
[Result "1/2-1/2"]
[ECO "D71"]
[WhiteElo "2346"]
[BlackElo "2257"]
[Annotator "NA"]
[PlyCount "63"]
[EventDate "2018.??.??"]
[EventType "tourn"]
[EventCountry "GRE"]
[SourceTitle "playchess.com"]
[Source "ChessBase"]
[SourceQuality "1"]
[TimeControl "40/5400+30:1800+30"]

1. d4 Nf6 2. c4 g6 3. g3 d5 4. cxd5 Nxd5 5. Bg2 Bg7 6. Nf3 Nb6 7. Nc3 Nc6 8. e3 O-O 9. O-O Re8 10. Nh4 {[%emt 0:01:49] D76: Fianchetto Grünfeld: Main Line with 7...Nb6} (10. a3 e5 11. d5 Na5 12. Qc2 c6 13. b4 Nac4 14. dxc6 bxc6 15. Rd1 Bf5 16. e4 Bd7 17. Na4 Nxa4 18. Qxc4 {½-½ (50) Le,Q (2737)-Ivanchuk,V (2726) Huaian 2017}) 10... e5 11. d5 Na5 12. Rb1 e4 13. Nxe4 Nxd5 14. Qa4 Nc6 15. Rd1 Nce7 16. Nc5 (16. b4 $16) 16... b6 $1 $146 ({Predecessor:} 16... b5 17. Qb3 c6 {1-0 (52) Vazquez,G (2443)-He,A (2307) Chicago 2017}) 17. Bxd5 Nxd5 18. Rxd5 Qxd5 19. Qxe8+ $16 Bf8 20. Qe4 Qd1+ 21. Kg2 bxc5 22. Qxa8 Ba6 23. h3 g5 24. e4 Bd3 25. Qd5 Qf1+ 26. Kh2 Qxf2+ 27. Ng2 Bxb1 28. Qxg5+ Kh8 29. Qd8 Kg7 30. Qg5+ Kh8 31. Qd8 Kg7 32. Qg5+ 1/2-1/2

[Event "4th Capablanca Memorial GM 2018"]
[Site "Heraklion"]
[Date "2018.04.14"]
[Round "6"]
[White "Pogosyan, Stefan"]
[Black "Townsend, M Paul"]
[Result "1-0"]
[ECO "D54"]
[WhiteElo "2314"]
[BlackElo "2211"]
[Annotator "NA"]
[PlyCount "91"]
[EventDate "2018.??.??"]
[EventType "tourn"]
[EventCountry "GRE"]
[SourceTitle "playchess.com"]
[Source "ChessBase"]
[SourceQuality "1"]
[TimeControl "40/5400+30:1800+30"]

1. d4 Nf6 2. c4 e6 3. Nc3 d5 4. cxd5 exd5 5. Bg5 c6 6. e3 Be7 7. Bd3 Nbd7 8. Rc1 h6 9. Bh4 O-O 10. Nge2 {[%emt 0:00:52] D54: Queen's Gambit Declined: 4 Bg5 Be7: Lines without Nf3} (10. Bg3 Re8 11. h3 Bb4 12. Nf3 Ne4 13. Bf4 c5 14. O-O Bxc3 15. bxc3 Nb6 16. Ne5 f6 17. Ng4 c4 {0-1 (51) Rapport,R (2715)-Keymer,V (2403) Karlsruhe 2018}) 10... Nh5 11. Bxe7 Qxe7 12. g4 Nhf6 13. Ng3 Nb6 14. h3 Nc4 15. Qe2 $146 ({Predecessor:} 15. Bxc4 dxc4 16. Qe2 Be6 {0-1 (45) Havasi,K-Canal,E Budapest 1932}) 15... Nd6 16. f3 Nh7 17. e4 dxe4 18. fxe4 Qh4 19. Qf2 Ng5 20. Nge2 Be6 21. Qxh4 Nf3+ 22. Kf2 Nxh4 23. Kg3 g5 24. b3 $11 f6 25. Nd1 Rae8 26. Nec3 Rd8 27. Ne3 Nf7 28. Ne2 Kg7 29. Nf5+ Bxf5 30. gxf5 Rfe8 31. Rhd1 Nd6 32. Nc3 Ndxf5+ 33. exf5 Re3+ 34. Kf2 Rf3+ 35. Ke2 Rxd4 36. Bb1 Rxd1 37. Nxd1 Rxh3 38. Nf2 Rf3 39. Rd1 h5 40. Rd4 Rc3 41. Rd7+ Kh6 42. Ne4 Rc1 43. Nxf6 g4 44. Ng8+ Kg5 45. Rg7+ Kf4 46. f6 1-0

[Event "4th Capablanca Memorial GM 2018"]
[Site "Heraklion"]
[Date "2018.04.17"]
[Round "9"]
[White "Petrova, Kristyna"]
[Black "Pogosyan, Stefan"]
[Result "1/2-1/2"]
[ECO "D02"]
[WhiteElo "2257"]
[BlackElo "2314"]
[Annotator "NA"]
[PlyCount "74"]
[EventDate "2018.??.??"]
[EventType "tourn"]
[EventCountry "GRE"]
[SourceTitle "playchess.com"]
[Source "ChessBase"]
[SourceQuality "1"]
[TimeControl "40/5400+30:1800+30"]

1. Nf3 Nf6 2. g3 d5 3. Bg2 c5 4. O-O Nc6 5. d4 Bf5 6. c4 e6 7. Nc3 {[%emt 0:12:24] LiveBook: 9 Games} dxc4 ({Predecessor:} 7... Be7 $146 8. cxd5 exd5 9. dxc5 Bxc5 10. Bg5 d4 11. Nb5 a6 12. Bxf6 gxf6 13. Rc1 Bb6 14. Na3 Qd7 15. Nc4 {0-1 (51) Vaulin,A (2516)-Rabiega,R (2522) chessassistantclub.com INT 2004}) 8. Ne5 Rc8 9. Nxc6 bxc6 10. dxc5 Bxc5 11. Qa4 O-O 12. Qxc4 Bb6 13. Rd1 Qe7 14. Na4 Rfd8 15. Bf4 e5 16. Nxb6 axb6 17. Rxd8+ Rxd8 18. Bg5 c5 19. Qb3 h6 20. Bxf6 Qxf6 21. Bd5 e4 22. Rd1 Be6 23. Bxe6 Rxd1+ 24. Qxd1 Qxe6 25. a4 g6 26. a5 bxa5 27. Qd8+ Kg7 28. Qxa5 Qc4 29. Qd2 Qd4 30. Qc1 g5 31. Kg2 f6 32. e3 Qd5 33. Qc3 h5 34. Qa5 Qd6 35. Qa7+ Kg6 36. Qa8 Qe6 37. h3 c4 1/2-1/2